 Dungeon Crawl Stone Soup version 0.21.1-1-g345015f (webtiles) character file.

1872186 tekking the Conqueror (level 27, 268/268 HPs)
             Began as a Deep Dwarf Fighter on June 12, 2018.
             Was the Champion of Makhleb.
             Escaped with the Orb
             ... and 3 runes on June 13, 2018!
             The game lasted 06:32:50 (58781 turns).

tekking the Conqueror (Deep Dwarf Fighter)         Turns: 58781, Time: 06:32:51

Health: 268/268    AC: 39    Str: 38 (39) XL:     27
Magic:  5/5        EV: 32    Int:  3 (4)  God:    Makhleb [******]
Gold:   5836       SH: 22    Dex: 26 (27) Spells: 26/26 levels left

rFire    + + .     SeeInvis .   j - +7 flail of Ogerufra {freeze, rElec rPois rN+ Str+4}
rCold    + . .     Gourm    .   r - +5 shield {AC+3}
rNeg     + + +     Faith    +   V - +6 scale mail "Genode" {rF+ rN+ MR+ Dex+4}
rPois    +         Spirit   .   q - +3 helmet of the Rabble {rElec rCorr Int-2 Dex+4}
rElec    +         Reflect  .   e - scarf {rC+ rF+}
rCorr    +         Harm     .   O - +2 pair of gloves {Dex+3}
MR       +++++                  y - +2 pair of boots {Fly}
Stlth    ++........             N - amulet of faith
HPRegen  0.00/turn              Y - ring of Jaisko Taog {rElec rPois Int-3 Dex+4 Stlth+}
MPRegen  0.09/turn              X - +5 ring of protection

@: flying, non-regenerating
A: damage resistance, heal wounds, talons 1, deterioration 2, dopey 1, frail 1,
mutation resistance 1, negative energy resistance 1, sense surroundings 3,
shaggy fur 1, strong 2, subdued magic 1, MP-powered wands, no regeneration
0: Orb of Zot
}: 3/15 runes: decaying, serpentine, silver
a: Heal Wounds, Minor Destruction, Lesser Servant of Makhleb, Major Destruction,
Greater Servant of Makhleb, Renounce Religion, Stop Flying


You escaped.
You worshipped Makhleb.
Makhleb was exalted by your worship.
You were not hungry.

You visited 12 branches of the dungeon, and saw 54 of its levels.
You visited 1 bazaar.
You also visited: Bailey, Ice Cave and Volcano.

You collected 7970 gold pieces.
You spent 2134 gold pieces at shops.

Inventory:

Hand Weapons
 g - the +4 broad axe "Elulats" {drain, *Corrode rC+ MP-9 Dex+7}
   (You acquired it on level 15 of the Dungeon)

   A truly terrible weapon, it drains the life of those it strikes.
   It affects your dexterity (+7).
   It protects you from cold.
   It affects your magic capacity (-9).
   It may corrode you when you take damage.
 j - the +7 flail of Ogerufra (weapon) {freeze, rElec rPois rN+ Str+4}
   (You took it off a death knight on level 1 of the Crypt)

   It has been specially enchanted to freeze those struck by it, causing extra
   injury to most foes and up to half again as much damage against particularly
   susceptible opponents.
   It can also slow down cold-blooded creatures.
   It affects your strength (+4).
   It insulates you from electricity.
   It protects you from poison.
   It protects you from negative energy.
 I - a +9 war axe of flaming
Missiles
 p - 1696 stones (quivered)
Armour
 e - a scarf of resistance (worn)
 q - the +3 helmet of the Rabble (worn) {rElec rCorr Int-2 Dex+4}
   (You took it off Robin on level 3 of the Dungeon)

   It affects your intelligence (-2).
   It affects your dexterity (+4).
   It insulates you from electricity.
   It protects you from acid and corrosion.
 r - a +5 shield of protection (worn)
 y - a +2 pair of boots of flying (worn)
 J - a +10 plate armour of ponderousness
 O - a +2 pair of gloves of dexterity (worn)
 V - the +6 scale mail "Genode" (worn) {rF+ rN+ MR+ Dex+4}
   (You found it on level 3 of the Lair of Beasts)

   It affects your dexterity (+4).
   It protects you from fire.
   It protects you from negative energy.
   It affects your resistance to hostile enchantments.
Jewellery
 b - an uncursed ring of see invisible
 C - the ring "Ufuasec" {rN+ Dex+4}
   (You took it off a vampire on level 3 of the Crypt)

   [ring of positive energy]

   It affects your dexterity (+4).
   It protects you from negative energy.
 N - an amulet of faith (around neck)
 T - the ring of Xom's Best Wishes {Fire MR+}
   (You took it off a deep elf high priest on level 5 of the Vaults)

   [ring of fire]

   It enhances your fire magic.
   It protects you from fire.
   It makes you vulnerable to cold.
   It affects your resistance to hostile enchantments.
 X - a +5 ring of protection (right hand)
 Y - the ring of Jaisko Taog (left hand) {rElec rPois Int-3 Dex+4 Stlth+}
   (You bought it in a shop on level 5 of the Depths)

   [ring of intelligence]

   It affects your intelligence (-3).
   It affects your dexterity (+4).
   It insulates you from electricity.
   It protects you from poison.
   It makes you more stealthy.
Wands
 h - a wand of paralysis (52)
 s - a wand of digging (49)
 w - a wand of flame (63)
 A - a wand of polymorph (52)
 F - a wand of iceblast (30)
 M - a wand of enslavement (43)
 Q - a wand of disintegration (42)
Scrolls
 k - 18 scrolls of teleportation
 l - a scroll of brand weapon
 m - 30 scrolls of remove curse
 o - 7 scrolls of blinking
 v - 3 scrolls of silence
 B - 4 scrolls of fear
 D - 7 scrolls of magic mapping
 H - 2 scrolls of summoning
 K - 4 scrolls of holy word
 L - 11 scrolls of identify
 W - 2 scrolls of enchant armour
Potions
 a - 3 potions of cancellation
 d - 2 potions of resistance
 i - 2 potions of invisibility
 n - 19 potions of curing
 t - a potion of haste
 x - 6 potions of berserk rage
 z - 2 potions of heal wounds
 P - 3 potions of agility
 U - a potion of mutation
Miscellaneous
 u - a phial of floods
 R - 3 phantom mirrors
Comestibles
 f - 44 rations


   Skills:
 O Level 27 Fighting
 - Level 18.6(19.2) Axes
 - Level 8.5(14.0) Maces & Flails
 + Level 21.9 Armour
 + Level 20.7 Dodging
 - Level 13.0 Stealth
 - Level 15.0 Shields
 - Level 15.0 Invocations
 - Level 10.0 Evocations


You had 26 spell levels left.
You didn't know any spells.

Dungeon Overview and Level Annotations

Branches:
Dungeon (15/15)            Temple (1/1) D:5            Lair (6/6) D:10
  Swamp (4/4) Lair:4        Snake (4/4) Lair:2        Slime (1/5) Lair:6
    Orc (2/2) D:11            Elf (3/3) Orc:2        Vaults (5/5) D:13
  Crypt (3/3) Vaults:2       Tomb (0/3) Crypt:3      Depths (5/5) D:15
    Zot (5/5) Depths:5

Altars:
Ashenzari
Cheibriados
Dithmenos
Elyvilon
Fedhas
Gozag
Hepliaklqana
Kikubaaqudgha
Makhleb
Nemelex Xobeh
Okawaru
Qazlal
Ru
Sif Muna
Trog
Uskayaw
Vehumet
Wu Jian
Xom
Yredelemnul
Zin
The Shining One
Beogh
Jiyva
Lugonu

Shops:
D:11 (   Orc:2 *[[(   Vaults:2 }   Depths:5 =}=

Portals:
Hell: Depths:1 Depths:2 Depths:3 Depths:5
Abyss: Depths:1 Depths:5
Pandemonium: Depths:3

Annotations:
D:5 Toshki's ghost, amateur MiMo
D:8 exclusion: hornet
D:11 exclusion: two-headed ogre
D:12 exclusions: hydra and ugly thing
D:15 exclusion: door


Innate Abilities, Weirdness & Mutations

You are resistant to damage.
You can heal yourself by infusing magical energy.
You resist negative energy. (rN+)
You passively map a large area around you.
You do not regenerate.
You have sharp toenails.
Your body often deteriorates upon taking damage.
You are dopey. (Int -2)
You are frail. (-10% HP)
You are somewhat resistant to further mutation.
You are covered in fur. (AC +1)
Your muscles are very strong. (Str +4)
Your spells are a little easier to cast, but a little less powerful.
You expend magic power (3 MP) to strengthen your wands.


Message History

You fly upwards.
There is a stone staircase leading down, spattered with blood here.
There is a stone staircase leading up here.
You fly upwards.
There is a stone staircase leading down here.
You see here an uncursed hunting sling.
There is an escape hatch in the ceiling here.
A mysterious force pulls you upwards. The hatch slams shut behind you.
An iron imp comes into view.
The iron imp completely misses you.
You sock the iron imp!
The iron imp is moderately wounded.
You block the iron imp's attack.
You sock the iron imp! You freeze the iron imp.
You kill the iron imp!
Makhleb accepts your kill.
No target in view!
There is an open door here.
There is a staircase leading out of the dungeon here.
You have escaped!

.+....................#........#
.#..†.............##....####.####
.#.......########.##....##.......
.............#....##....##.#.###.
........#..............###.#)# #.
........+........#.###.###.#.###.
........#.....####..##.....#.....
........#...#.#####.#############
.....##.....#...@...#
.....##.....'.#####.####
............### #....#
..............# #....#
.......####...# ##....#
#......####...# ##.....#
#.............###..#...## ######
#............#.....#....# #....#
#............#.........## #.##.#


There were no monsters in sight!

Vanquished Creatures
  4 ancient liches
  7 orbs of fire
  Sojobo (Vaults:4)
  Margery (Depths:5)
  Vashnia (Snake:2)
  Saint Roka (Snake:2)
  2 Killer Klowns (Zot:5)
  A curse toe (Zot:2)
  2 golden dragons (Zot:1)
  Jory (Crypt:2)
  A bone dragon (Zot:2)
  Nikola (Swamp:4)
  An electric golem (Zot:5)
  Jorgrun (Swamp:4)
  17 tentacled monstrosities
  5 large abominations
  4 deep elf master archers (Elf:3)
  5 liches
  23 Orb Guardians
  5 titans
  2 acid blobs (Depths:2)
  3 quicksilver dragons
  3 deep elf blademasters (Elf:3)
  3 sphinxes
  An ancient champion (Crypt:2)
  Frances (Swamp:1)
  8 death cobs
  2 thorn hunters (Swamp:1)
  5 shadow dragons
  2 tengu reavers (Vaults:5)
  10 storm dragons
  8 draconian monks
  4 revenants
  6 fire giants
  3 nagarajas
  9 deep elf sorcerers
  3 azure jellies
  An iron dragon (D:14)
  7 frost giants
  4 ghost moths
  Louise (Snake:2)
  9 draconian scorchers
  14 vault wardens
  Aizul (Swamp:3)
  9 draconian knights
  8 draconian stormcallers
  A juggernaut zombie (Depths:1)
  11 ironheart preservers
  7 draconian annihilators
  A curse skull (Depths:3)
  10 draconian shifters
  A deep elf elementalist (Elf:3)
  A spriggan defender (Depths:4)
  2 war gargoyles (Vaults:5)
  2 entropy weavers
  27 very ugly things
  25 stone giants
  6 ghouls
  The ghost of nicolaieve the Severer, a journeyman MiBe of Trog (Lair:6)
  13 green draconians
  19 vampire knights
  15 purple draconians
  9 black draconians
  13 white draconians
  14 yellow draconians
  4 deep elf demonologists
  4 spark wasps (Depths:1)
  7 red draconians
  11 deep elf annihilators
  Azrael (D:14)
  Snorg (Orc:2)
  5 small abominations
  3 blizzard demons
  6 eidola
  A green death (Depths:3)
  13 jiangshi
  13 ettins
  14 yaktaur captains
  12 great orbs of eyes
  38 vault guards
  2 death oozes (Depths:2)
  Harold (Lair:2)
  9 deep elf death magi
  11 fire dragons
  7 deep elf high priests
  12 ice dragons
  A ghost crab (Swamp:1)
  4 spriggan air magi (Depths:3)
  4 rakshasas
  14 naga warriors
  17 hydras
  A merfolk avatar (Lair:6)
  Erica (D:8)
  54 two-headed ogres
  6 death knights
  A merfolk aquamancer (Depths:3)
  7 alligators
  4 anacondas
  11 centaur warriors
  25 dancing weapons
  21 ogre magi
  4 death yaks (Lair:6)
  5 deep troll shamans
  5 tengu warriors
  9 vampire magi
  5 orc high priests
  7 deep troll earth magi
  A two-headed ogre (shapeshifter) (Depths:4)
  Urug (Lair:2)
  A spriggan berserker (Depths:3)
  14 soul eaters
  10 shock serpents
  4 storm dragon zombies (Crypt:3)
  A fire crab (shapeshifter) (Vaults:3)
  16 naga sharpshooters
  20 deep elf knights
  2 fire crabs
  A storm dragon skeleton (Crypt:2)
  9 hell knights
  3 shadow wraiths
  2 unseen horrors
  2 salamander mystics (Snake:3)
  3 iron trolls
  3 skeletal warriors
  6 deep trolls
  A sixfirhy (Zot:3)
  3 glowing orange brains
  4 naga ritualists
  3 shambling mangroves
  10 swamp dragons
  3 golden dragon zombies
  7 flayed ghosts
  A swamp dragon (shapeshifter) (Vaults:4)
  4 spriggan druids
  15 deep elf archers
  6 wizards
  A lindwurm (Lair:5)
  A harpy (Lair:6)
  59 deep elf magi
  11 necromancers
  15 phantasmal warriors
  5 mana vipers
  7 orc sorcerers
  14 ironbrand convokers
  10 orc knights
  A stone giant zombie (Depths:1)
  An orb spider (shapeshifter) (Depths:2)
  A shadow dragon skeleton (Crypt:2)
  A cyclops (shapeshifter) (Vaults:2)
  A wolf spider zombie (D:15)
  A sphinx zombie (Depths:3)
  A frost giant zombie (Crypt:2)
  4 wolf spiders
  9 cyclopes
  41 ugly things
  4 manticores
  22 elephants
  16 salamanders
  An elf zombie (Depths:3)
  3 guardian serpents
  2 molten gargoyles (Volcano)
  22 black mambas
  11 vault sentinels
  3 ice statues (IceCv)
  32 moths of wrath
  An eye of devastation (Slime:1)
  19 naga magi
  A shock serpent zombie (Crypt:3)
  A gargoyle (D:15)
  5 spectral swamp worms (Depths:2)
  3 orange demons
  20 spiny frogs
  6 rime drakes
  3 kobold demonologists
  A komodo dragon (shapeshifter) (Depths:5)
  A spriggan zombie (Depths:1)
  A yaktaur zombie (Depths:1)
  A shock serpent skeleton (Crypt:2)
  52 yaktaurs
  3 efreet (D:15)
  A redback zombie (Crypt:1)
  14 freezing wraiths
  18 komodo dragons
  11 ice devils (IceCv)
  2 anaconda simulacra (IceCv)
  2 golden dragon simulacra (IceCv)
  A troll (shapeshifter) (Vaults:2)
  A grey draconian skeleton (Crypt:2)
  A hydra zombie (Crypt:2)
  2 queen bees (shapeshifter)
  6 tyrant leeches
  4 polar bears
  A merfolk (shapeshifter) (Depths:5)
  A meliai (shapeshifter) (Depths:2)
  A yellow draconian skeleton (Crypt:2)
  3 tengu conjurers
  6 trolls
  A silent spectre (Depths:3)
  2 wind drakes (Lair:6)
  2 moth of wrath zombies
  A polar bear (shapeshifter) (Elf:1)
  14 hornets
  37 slime creatures
  A blink frog (shapeshifter) (Vaults:2)
  A hippogriff (shapeshifter) (Vaults:1)
  7 dream sheep (Lair:6)
  A raiju (shapeshifter) (Elf:3)
  13 hippogriffs
  8 blink frogs
  5 bog bodies
  A frost giant simulacrum (Vaults:3)
  2 fire giant simulacra (Vaults:2)
  A centaur simulacrum (D:15)
  A spriggan (shapeshifter) (Depths:2)
  4 redbacks
  8 air elementals
  An ice dragon skeleton (Crypt:2)
  2 spriggans
  10 wraiths
  A tarantella (Vaults:5)
  2 water elementals
  5 shadows
  A fire dragon skeleton (Depths:1)
  25 yaks
  A ynoxinul (Zot:1)
  27 vampires
  A wyvern (shapeshifter) (Vaults:3)
  11 wyverns
  4 fire elementals
  7 basilisks
  A yak (shapeshifter) (Vaults:4)
  An ettin skeleton (Crypt:2)
  4 golden eyes
  2 chaos spawn
  3 hungry ghosts
  A neqoxec (Depths:3)
  3 harpy simulacra (IceCv)
  33 nagas
  25 vampire mosquitoes
  A glowing shapeshifter zombie (Crypt:3)
  4 wargs
  3 insubstantial wisps (Swamp:1)
  A water nymph zombie (Crypt:3)
  2 soldier ants
  A tengu zombie (Depths:1)
  7 acid dragons
  A soldier ant (shapeshifter) (Depths:4)
  An orb spider zombie (Crypt:2)
  13 swamp worms
  7 hell hounds
  An iron troll simulacrum (IceCv)
  A hydra simulacrum (IceCv)
  12 water moccasins
  A spiny frog zombie (Crypt:2)
  6 swamp drakes
  An infernal demonspawn skeleton (Crypt:3)
  A black bear (D:7)
  28 orc warriors
  2 spiny frog skeletons
  13 porcupines
  2 black bears (shapeshifter)
  An ettin simulacrum (IceCv)
  2 eyes of draining
  An ice beast (D:14)
  5 sky beasts
  A manticore zombie (Crypt:1)
  10 necrophages
  2 phantoms
  16 boggarts
  37 ogres
  29 centaurs
  A hog zombie (Crypt:3)
  20 crocodiles
  A crocodile (shapeshifter) (D:14)
  4 big kobolds
  2 draconian zombies
  12 bullfrogs
  A wyvern zombie (D:9)
  2 earth elementals
  An elf skeleton (Crypt:1)
  4 scorpions
  A wyvern skeleton (Crypt:1)
  A raiju zombie (Crypt:3)
  A shapeshifter zombie (Crypt:1)
  15 killer bees
  24 wights
  A raiju skeleton (Crypt:1)
  3 electric eels
  5 crimson imps
  3 centaur zombies
  A bullfrog zombie (D:10)
  4 lava snakes (Volcano)
  3 quasits
  A bullfrog skeleton (D:9)
  7 centaur skeletons
  4 human zombies (Crypt:1)
  A basilisk zombie (Crypt:2)
  An iron imp (D:1)
  A gnoll shaman (D:6)
  18 orc priests
  Crazy Yiuf (D:5)
  7 hounds
  3 jellies
  19 orc wizards
  Ijyb (D:3)
  4 iguanas
  10 worker ants
  4 hell rats (Lair:5)
  A deep dwarf zombie (Crypt:3)
  A naga zombie (Crypt:2)
  An ogre zombie (Crypt:1)
  2 hound skeletons
  2 hound zombies
  6 mummies
  2 worker ant zombies
  Robin (D:3)
  4 gnolls (D:6)
  A howler monkey skeleton (D:6)
  10 adders
  5 shadow imps
  A white imp (Depths:5)
  An ooze (D:2)
  A halfling skeleton (Crypt:1)
  6 worms
  A dart slug (D:5)
  A leopard gecko (D:1)
  87 orcs
  4 bats
  3 giant cockroaches
  11 goblins
  6 hobgoblins
  9 jackals
  4 quokkas
  2 ball pythons (D:4)
  9 frilled lizards
  A jackal skeleton (Crypt:2)
  21 kobolds
  A leopard gecko skeleton (D:6)
  An orc skeleton (Crypt:1)
  2 orc zombies
  A quokka zombie (Crypt:1)
  12 rats
  A bush (D:10)
  6 crawling corpses
  3 fungi (Lair:6)
  11 plants
  18 withered plants
2365 creatures vanquished.

Vanquished Creatures (collateral kills)
  Xtahua (Depths:5)
  Boris (Depths:5)
  3 Orb Guardians (Zot:5)
  2 sphinxes (D:15)
  2 death cobs (Zot:1)
  A shadow dragon (Depths:1)
  Donald (Orc:2)
  3 tengu reavers
  2 storm dragons
  4 nagarajas (Snake:4)
  A fire giant (Depths:3)
  A draconian monk (Zot:1)
  2 frost giants
  An ironheart preserver (Vaults:1)
  3 very ugly things (Depths:5)
  2 black draconians (Zot:1)
  A vampire knight (Depths:1)
  2 yellow draconians (Zot:1)
  A deep elf death mage (Vaults:1)
  A great orb of eyes (Depths:5)
  6 naga warriors (Snake:4)
  2 ice dragons
  5 hydras
  An anaconda (Snake:1)
  A tengu warrior (Depths:5)
  3 death yaks (Lair:2)
  A deep troll earth mage (D:15)
  A shock serpent (Snake:4)
  A vampire mage (Depths:1)
  3 naga sharpshooters
  2 fire crabs (D:15)
  2 deep trolls (Vaults:4)
  A naga ritualist (Snake:1)
  An unseen horror (D:15)
  A phantasmal warrior (D:14)
  A lindwurm (Volcano)
  A wizard (Depths:3)
  A deep elf archer (Vaults:1)
  An orc knight (Vaults:4)
  2 deep elf magi
  4 ugly things
  A cyclops (D:15)
  A manticore (D:15)
  A guardian serpent (Snake:1)
  3 elephants (Lair:2)
  8 black mambas
  9 naga magi
  A gargoyle (D:15)
  A spiny frog (Lair:2)
  A yaktaur (Depths:5)
  2 tengu conjurers
  4 slime creatures (Depths:3)
  2 blink frogs (Lair:2)
  A hippogriff (D:15)
  2 air elementals (Depths:3)
  A yak (Lair:2)
  A warg (Snake:2)
  8 nagas
  A water moccasin (Lair:2)
  2 hell hounds (Volcano)
  A porcupine (Lair:2)
  4 orc warriors
  A sky beast (D:15)
  An ogre (Orc:2)
  2 crocodiles (Lair:2)
  A hornet simulacrum (D:15)
  A quasit (D:15)
  2 orc priests (Orc:2)
  An iguana (Lair:2)
  6 orcs
146 creatures vanquished.

Vanquished Creatures (others)
  A curse toe (Zot:2)
  A deep elf blademaster (Elf:3)
  A shock serpent (Snake:2)
  A naga sharpshooter (Snake:2)
  A deep elf knight (Elf:3)
  A shadow demon (Depths:3)
  A spriggan druid (Swamp:4)
  2 necromancers
  A naga mage (Snake:4)
  A gargoyle (D:15)
  An elf zombie (Depths:3)
  A human (Depths:3)
  A naga (Snake:2)
  2 swamp drakes (Swamp:4)
  5 boggarts (Depths:1)
  3 orc wizards
  2 briar patches (Swamp:1)
  A bush (D:10)
  A crawling corpse (Vaults:5)
  12 fungi
  11 plants
51 creatures vanquished.

Grand Total: 2562 creatures vanquished

Notes
Turn   | Place    | Note
-------+----------+-------------------------------------------
     0 | D:1      | tekking the Deep Dwarf Fighter began the quest for the Orb.
     0 | D:1      | Reached XP level 1. HP: 20/20 MP: 1/1
    81 | D:1      | Reached skill level 1 in Stealth
    97 | D:1      | Reached XP level 2. HP: 22/27 MP: 2/2
   726 | D:2      | Reached XP level 3. HP: 19/33 MP: 3/3
   882 | D:2      | Found a white marble altar of Elyvilon.
  1153 | D:2      | You fall through a shaft!
  1166 | D:3      | Reached XP level 4. HP: 26/40 MP: 4/4
  1242 | D:2      | Found a sparkling altar of Nemelex Xobeh.
  1362 | D:3      | Found a hazy altar of Hepliaklqana.
  1440 | D:3      | Noticed Robin
  1535 | D:3      | Killed Robin
  1561 | D:3      | Got a pitted helmet
  1572 | D:3      | Identified the +3 helmet of the Rabble {rElec rCorr Int-2 Dex+4} (You took it off Robin on level 3 of the Dungeon)
  1632 | D:3      | Noticed Ijyb
  1661 | D:3      | Killed Ijyb
  1661 | D:3      | Reached XP level 5. HP: 43/46 MP: 4/4
  1882 | D:3      | Found a glowing golden altar of the Shining One.
  1882 | D:3      | Found a stormy altar of Qazlal.
  2127 | D:4      | Reached skill level 1 in Evocations
  2322 | D:4      | Noticed an ogre
  2329 | D:4      | Killed an ogre
  2329 | D:4      | Reached XP level 6. HP: 54/55 MP: 6/6
  2472 | D:4      | Reached skill level 5 in Axes
  2749 | D:5      | Entered Level 5 of the Dungeon
  2823 | D:5      | Noticed Toshki's ghost (amateur MiMo)
  2902 | D:5      | Identified the Almanac of Mutagenic Attacks
  2968 | D:5      | Found a staircase to the Ecumenical Temple.
  2979 | Temple   | Entered the Ecumenical Temple
  3063 | Temple   | Became a worshipper of Makhleb the Destroyer
  3402 | D:5      | Found a snail-covered altar of Cheibriados.
  3489 | D:5      | Found a runed door.
  3578 | D:5      | Noticed Crazy Yiuf
  3584 | D:5      | Killed Crazy Yiuf
  3584 | D:5      | Reached XP level 7. HP: 58/61 MP: 9/9
  3654 | D:6      | Reached skill level 5 in Shields
  3912 | D:6      | Reached skill level 5 in Evocations
  4160 | D:6      | Reached XP level 8. HP: 40/68 MP: 10/10
  4343 | D:6      | Reached * piety under Makhleb
  4694 | D:7      | Found an opulent altar of Gozag.
  4694 | D:7      | Found an ornate altar of the Wu Jian Council.
  4897 | D:7      | Found a radiant altar of Vehumet.
  4931 | D:7      | Found a deep blue altar of Sif Muna.
  5196 | D:7      | Reached skill level 3 in Fighting
  5336 | D:7      | Found a shadowy altar of Dithmenos.
  5775 | D:8      | Noticed a hornet
  5833 | D:8      | Noticed a hornet
  5938 | D:8      | Found a flagged portal.
  5947 | Bailey   | Entered a bailey
  5984 | Bailey   | Noticed an orc knight
  6049 | D:8      | Reached skill level 4 in Fighting
  6050 | D:8      | Gained mutation: You passively map the area around you. [Deep Dwarf growth]
  6050 | D:8      | Reached XP level 9. HP: 78/78 MP: 10/10
  6263 | D:8      | Noticed Erica
  6353 | D:9      | Reached ** piety under Makhleb
  6490 | D:9      | Reached skill level 5 in Fighting
  6531 | D:9      | Reached skill level 5 in Armour
  6572 | D:9      | Reached skill level 10 in Axes
  6909 | D:9      | Reached skill level 6 in Fighting
  7138 | D:10     | Entered Level 10 of the Dungeon
  7271 | D:10     | Reached XP level 10. HP: 67/92 MP: 11/11
  7282 | D:10     | Found a staircase to the Lair.
  7411 | D:9      | Reached *** piety under Makhleb
  7647 | D:10     | Reached skill level 1 in Dodging
  7875 | D:10     | Reached skill level 5 in Stealth
  8104 | D:10     | Reached **** piety under Makhleb
  8656 | D:11     | Reached XP level 11. HP: 99/99 MP: 11/11
  8991 | D:11     | Reached ***** piety under Makhleb
  9233 | D:11     | Found a staircase to the Orcish Mines.
  9241 | D:11     | Found a roughly hewn altar of Beogh.
  9322 | D:11     | Noticed a two-headed ogre
  9360 | D:11     | Found a blossoming altar of Fedhas.
  9469 | D:11     | Found Voshrott's Antique Weapon Shop.
  9559 | D:12     | Noticed an eight-headed hydra
 10092 | D:12     | Noticed a purple ugly thing
 10708 | D:10     | Reached skill level 1 in Invocations
 10756 | Lair:1   | Entered Level 1 of the Lair of Beasts
 11025 | Lair:1   | Reached skill level 5 in Invocations
 11027 | Lair:1   | Found a dark tunnel.
 11033 | Volcano  | Entered a volcano
 11205 | Volcano  | Found a burning altar of Makhleb.
 11205 | Volcano  | Noticed a lindwurm
 11235 | Volcano  | Killed a lindwurm
 11249 | Volcano  | Noticed a fire crab
 11273 | Volcano  | Killed a fire crab
 11482 | Lair:1   | Reached XP level 12. HP: 69/106 MP: 13/13
 11870 | Lair:2   | Noticed a death yak
 11927 | Lair:2   | Noticed Urug
 11933 | Lair:2   | Noticed a five-headed hydra
 11941 | Lair:2   | Killed Urug
 11946 | Lair:2   | Killed a five-headed hydra
 11966 | Lair:2   | Noticed a death yak
 11971 | Lair:2   | Noticed a death yak
 11981 | Lair:2   | Killed a death yak
 12004 | Lair:2   | Killed a death yak
 12169 | Lair:2   | Killed a death yak
 12200 | Lair:2   | Found a staircase to the Snake Pit.
 12328 | Lair:2   | Reached skill level 15 in Axes
 12451 | Lair:2   | Noticed Harold
 12570 | D:8      | Killed Erica
 12726 | Orc:1    | Entered Level 1 of the Orcish Mines
 12915 | Lair:2   | Reached skill level 7 in Fighting
 12938 | Lair:2   | Killed Harold
 12970 | Lair:2   | Noticed a seven-headed hydra
 12996 | Lair:2   | Killed a seven-headed hydra
 13013 | Lair:2   | Got a steaming cloak
 13024 | Lair:2   | Identified the +1 cloak of the Beggar {rElec} (You found it on level 2 of the Lair of Beasts)
 13618 | Lair:2   | Reached skill level 8 in Fighting
 13674 | Lair:3   | Got a faintly glowing scale mail
 13685 | Lair:3   | Identified the +6 scale mail "Genode" {rF+ rN+ MR+ Dex+4} (You found it on level 3 of the Lair of Beasts)
 14472 | Lair:3   | Gained mutation: You tend to lose your temper in combat. [potion of mutation]
 14472 | Lair:3   | Gained mutation: You are clumsy. (Dex -2) [potion of mutation]
 14472 | Lair:3   | Gained mutation: You have a pair of small antennae on your head. [potion of mutation]
 14473 | Lair:3   | Lost mutation: You have a pair of small antennae on your head. [potion of mutation]
 14473 | Lair:3   | Lost mutation: You tend to lose your temper in combat. [potion of mutation]
 14473 | Lair:3   | Lost mutation: You are clumsy. (Dex -2) [potion of mutation]
 14473 | Lair:3   | Gained mutation: Your muscles are strong. (Str +2) [potion of mutation]
 14473 | Lair:3   | Gained mutation: You have sharp toenails. [potion of mutation]
 14497 | Lair:4   | Reached XP level 13. HP: 118/118 MP: 14/14
 14506 | Lair:4   | Found a staircase to the Swamp.
 15565 | Lair:5   | Reached skill level 9 in Fighting
 15922 | Lair:5   | Reached skill level 10 in Shields
 16109 | Lair:6   | Entered Level 6 of the Lair of Beasts
 16345 | Lair:6   | Reached skill level 10 in Stealth
 16452 | Lair:6   | Reached skill level 10 in Fighting
 16458 | Lair:6   | Found a staircase to the Slime Pits.
 16458 | Lair:6   | Found a viscous altar of Jiyva.
 16471 | Lair:6   | Noticed nicolaieve's ghost (journeyman MiBe)
 16595 | Lair:6   | Gained mutation: You resist negative energy. (rN+) [Deep Dwarf growth]
 16595 | Lair:6   | Reached XP level 14. HP: 112/132 MP: 15/15
 16762 | Lair:6   | Killed nicolaieve's ghost
 17129 | Lair:6   | Reached skill level 10 in Invocations
 17865 | D:13     | Found a gate to the Vaults.
 18177 | D:13     | Found a glowing golden altar of the Shining One.
 18413 | D:13     | Reached ****** piety under Makhleb
 19195 | D:14     | Reached skill level 10 in Evocations
 19599 | D:14     | Noticed Azrael
 19618 | D:14     | Killed Azrael
 19733 | D:14     | Noticed a frost giant
 19737 | D:14     | Noticed an iron dragon
 19775 | D:14     | Killed a frost giant
 19775 | D:14     | Reached XP level 15. HP: 79/138 MP: 16/16
 19814 | D:14     | Killed an iron dragon
 20074 | D:15     | Entered Level 15 of the Dungeon
 20318 | D:15     | Reached skill level 5 in Dodging
 20384 | D:15     | Found a staircase to the Depths.
 20464 | D:15     | Found a stormy altar of Qazlal.
 20465 | D:15     | Found an ancient bone altar of Kikubaaqudgha.
 20465 | D:15     | Found a shadowy altar of Dithmenos.
 20745 | D:15     | Noticed a sphinx
 20761 | D:15     | Killed a sphinx
 20761 | D:15     | Reached skill level 10 in Armour
 20909 | D:15     | Noticed a sphinx
 20912 | D:15     | Noticed a frost giant
 20920 | D:15     | Killed a sphinx
 20923 | D:15     | Killed a frost giant
 20931 | D:15     | Noticed a tengu reaver
 20941 | D:15     | Killed a tengu reaver
 20966 | D:15     | Got a dazzling plate armour
 20968 | D:15     | Got spiked ice dragon scales
 21001 | D:15     | Identified the cursed +0 plate armour "Wuotair" {rF+++ rC- SInv Stlth+} (You found it on level 15 of the Dungeon)
 21002 | D:15     | Identified the +6 ice dragon scales "Giudgh" {+Blink rF- rC++ Dex-3 Slay+6} (You found it on level 15 of the Dungeon)
 21280 | D:15     | Noticed a tengu reaver
 21570 | D:15     | Identified a scroll of acquirement
 21573 | D:15     | Got a brightly glowing broad axe
 21574 | D:15     | Identified the +4 broad axe "Elulats" {drain, *Corrode rC+ MP-9 Dex+7} (You acquired it on level 15 of the Dungeon)
 22039 | Orc:2    | Entered Level 2 of the Orcish Mines
 22039 | Orc:2    | Found a runed door.
 22059 | Orc:2    | Noticed Snorg
 22078 | Orc:2    | Killed Snorg
 22128 | Orc:2    | Noticed Donald
 22139 | Orc:2    | Killed Donald
 22148 | Orc:2    | Found a staircase to the Elven Halls.
 22533 | Orc:2    | Found Languusm's Antique Weapon Boutique.
 22608 | Orc:2    | Reached XP level 16. HP: 144/146 MP: 6/17
 22630 | Orc:2    | Found Xuxkuco's Antique Armour Emporium.
 22635 | Orc:2    | Found Geasell's Armour Emporium.
 22653 | Orc:2    | Found Koagoik's General Store.
 22671 | Orc:2    | Bought a scroll of fear for 42 gold pieces
 22926 | Orc:2    | Found a roughly hewn altar of Beogh.
 23166 | Swamp:1  | Entered Level 1 of the Swamp
 23280 | Swamp:1  | Found a snail-covered altar of Cheibriados.
 23317 | Swamp:1  | Noticed a thorn hunter
 23345 | Swamp:1  | Killed a thorn hunter
 23360 | Swamp:1  | Noticed a thorn hunter
 23381 | Swamp:1  | Killed a thorn hunter
 23673 | Swamp:1  | Noticed Frances
 23683 | Swamp:1  | Killed Frances
 23824 | Swamp:2  | Found a frozen archway.
 23845 | IceCv    | Entered an ice cave
 24549 | Swamp:2  | Reached skill level 10 in Dodging
 25480 | Swamp:3  | Noticed Aizul
 25508 | Swamp:3  | Killed Aizul
 25647 | Swamp:4  | Entered Level 4 of the Swamp
 25671 | Swamp:4  | Reached skill level 15 in Invocations
 25982 | Swamp:4  | Reached XP level 17. HP: 153/153 MP: 9/18
 25989 | Swamp:4  | Noticed Jorgrun
 26083 | Swamp:4  | Killed Jorgrun
 26103 | Swamp:4  | Got a decaying rune of Zot
 26125 | Swamp:4  | Noticed Nikola
 26142 | Swamp:4  | Killed Nikola
 26407 | Snake:1  | Entered Level 1 of the Snake Pit
 26424 | Snake:1  | Reached skill level 11 in Fighting
 27323 | Snake:2  | Noticed Louise
 27344 | Snake:2  | Killed Louise
 27401 | Snake:2  | Noticed Vashnia
 27439 | Snake:2  | Killed Vashnia
 27558 | Snake:2  | Noticed Saint Roka
 27580 | Snake:2  | Killed Saint Roka
 27580 | Snake:2  | Reached skill level 12 in Fighting
 27580 | Snake:2  | Reached skill level 15 in Shields
 27698 | Snake:2  | Found the +9 staff of Wucad Mu {channel}
 28097 | Snake:3  | Reached skill level 13 in Fighting
 28097 | Snake:3  | Gained mutation: You passively map a large area around you. [Deep Dwarf growth]
 28097 | Snake:3  | Reached XP level 18. HP: 171/171 MP: 9/18
 28905 | Snake:4  | Entered Level 4 of the Snake Pit
 29275 | Snake:4  | Reached skill level 14 in Fighting
 29499 | Snake:4  | Reached skill level 15 in Fighting
 29506 | Snake:4  | Got a serpentine rune of Zot
 30536 | Vaults:1 | Entered Level 1 of the Vaults
 31119 | Vaults:1 | Reached skill level 16 in Fighting
 31805 | Vaults:2 | Reached XP level 19. HP: 182/190 MP: 9/19
 32112 | Vaults:2 | Found a staircase to the Crypt.
 32197 | Vaults:2 | Reached skill level 17 in Fighting
 32501 | Vaults:2 | Reached skill level 18 in Fighting
 32743 | Vaults:2 | Found Notois's Gadget Shop.
 32752 | Vaults:2 | Bought a phantom mirror for 390 gold pieces
 33401 | Vaults:3 | Reached skill level 19 in Fighting
 33447 | Vaults:3 | Reached XP level 20. HP: 208/208 MP: 11/20
 34366 | Vaults:4 | Noticed Sojobo
 34408 | Vaults:4 | Killed Sojobo
 34408 | Vaults:4 | Reached skill level 20 in Fighting
 34988 | Vaults:5 | Entered Level 5 of the Vaults
 35102 | Vaults:4 | Reached XP level 21. HP: 220/220 MP: 12/21
 35203 | Vaults:5 | Reached skill level 21 in Fighting
 35769 | Vaults:5 | Found the +6 shillelagh "Devastator" {shatter}
 35866 | Vaults:5 | Got a warped marble ring
 35880 | Vaults:5 | Reached skill level 22 in Fighting
 35932 | Vaults:5 | Got a clouded amber ring
 36228 | Vaults:5 | Identified the Disquisition on the Damaging Glacier
 36342 | Vaults:5 | Reached XP level 22. HP: 235/235 MP: 13/22
 36351 | Vaults:5 | Identified the +3 plate armour "Mafisk" {-Cast rCorr Str+2} (You found it on level 5 of the Vaults)
 36357 | Vaults:5 | Got a silver rune of Zot
 36372 | Vaults:5 | Identified the ring of Xom's Best Wishes {Fire MR+} (You took it off a deep elf high priest on level 5 of the Vaults)
 36374 | Vaults:5 | Identified the ring of Mygur {Fire Dex+4} (You took it off a deep elf mage on level 5 of the Vaults)
 36480 | Vaults:5 | Identified the +4 trident of Hubris {pain, rN+ MR+ Dex+3} (You took it off an orc knight on level 5 of the Vaults)
 36594 | Vaults:5 | Got a slimy ring mail
 36595 | Vaults:5 | Identified the cursed +1 ring mail of the Komtur {MR++ Int-2 SInv} (You found it on level 5 of the Vaults)
 37047 | Swamp:2  | Identified the +12 hand axe of Nyacuqot {protect, +Fly rPois MR+ Int+4} (You found it on level 2 of the Swamp)
 37510 | Depths:1 | Entered Level 1 of the Depths
 37510 | Depths:1 | Found a gateway to Hell.
 37682 | Depths:1 | Found a gateway to a bazaar.
 37720 | Bazaar   | Entered a bazaar
 37720 | Bazaar   | Found Ritta's Book Shoppe.
 37720 | Bazaar   | Found Danur's Gadget Shoppe.
 37720 | Bazaar   | Found Owujis's Gadget Emporium.
 37722 | Bazaar   | Found Bymi's Antique Armour Emporium.
 37727 | Bazaar   | Bought a wand of paralysis (16) for 162 gold pieces
 37727 | Bazaar   | Bought a wand of paralysis (15) for 153 gold pieces
 37730 | Bazaar   | Bought a jewelled leather armour for 175 gold pieces
 37733 | Bazaar   | Identified the +3 leather armour of Eternity {Dex+5} (You bought it in a shop in a bazaar)
 37768 | Depths:1 | Found a corrupted altar of Lugonu.
 37768 | Depths:1 | Found a one-way gate to the infinite horrors of the Abyss.
 37814 | Depths:1 | Found a sparkling altar of Nemelex Xobeh.
 37831 | Depths:1 | Noticed an ancient lich
 37865 | Depths:1 | Killed an ancient lich
 37937 | D:15     | Reached skill level 23 in Fighting
 38073 | Depths:1 | Identified the Incunabulum of Necromancy
 38820 | Depths:2 | Found a transporter.
 39033 | Depths:2 | Found a viscous altar of Jiyva.
 39034 | Depths:2 | Found a transporter.
 39156 | Depths:3 | Reached skill level 24 in Fighting
 39248 | Depths:3 | Reached XP level 23. HP: 250/250 MP: 11/20
 39415 | Depths:3 | Found a runed door.
 39703 | Depths:3 | Noticed an ancient lich
 39716 | Depths:3 | Killed an ancient lich
 39964 | Depths:3 | Found a one-way gate leading to the halls of Pandemonium.
 39982 | Depths:3 | Gained mutation: You expend magic power (3 MP) to strengthen your wands. [a neqoxec]
 40108 | Depths:3 | Reached skill level 25 in Fighting
 40495 | Depths:5 | Entered Level 5 of the Depths
 40534 | Depths:5 | Noticed Margery
 40546 | Depths:5 | Killed Margery
 40719 | Depths:5 | Identified the +3 chain mail "Xeytecs" {rC- rN+ MR++ SInv} (You found it on level 5 of the Depths)
 40744 | Depths:5 | Found an iron altar of Okawaru.
 40846 | Depths:5 | Found Umekkaug's Jewellery Shop.
 40846 | Depths:5 | Found Niupi's Gadget Emporium.
 40847 | Depths:5 | Found Bineepa's Jewellery Shop.
 40852 | Depths:5 | Bought the ring of Quyh {+Fly rPois Str+3} for 525 gold pieces
 40854 | Depths:5 | Bought a wand of paralysis (11) for 299 gold pieces
 40882 | Depths:5 | Noticed Boris
 40899 | Depths:5 | Killed Boris
 40949 | Depths:5 | Noticed Xtahua
 40959 | Depths:5 | Reached skill level 26 in Fighting
 40964 | Depths:5 | Killed Xtahua
 41050 | Depths:5 | Reached XP level 24. HP: 252/267 MP: 11/20
 41163 | Depths:5 | Found a gate to the Realm of Zot.
 41817 | Elf:1    | Entered Level 1 of the Elven Halls
 41923 | Elf:1    | Identified the Handbook of Battle Magic
 42988 | Elf:2    | Found a runed gate.
 42988 | Elf:2    | Found a runed gate.
 42989 | Elf:2    | Found a runed gate.
 43230 | Elf:2    | Reached skill level 27 in Fighting
 43324 | Elf:3    | Entered Level 3 of the Elven Halls
 44174 | Elf:3    | Identified the +3 plate armour of Siecso {Dex+4} (You found it on level 3 of the Elven Halls)
 44182 | Elf:3    | Got an ancient brass ring
 44183 | Elf:3    | Identified the ring of Marez {EV+3 Str+4} (You found it on level 3 of the Elven Halls)
 44327 | Elf:3    | Identified the Volume of Lucky Slavery
 44339 | Elf:3    | Identified The Papyrus of Greatest Risks and Utility
 44347 | Elf:3    | Identified Gogilunu's Catalogue of Lucky Clay
 44387 | Elf:3    | Identified the Handbook of the Scorching Compass
 44426 | Elf:3    | Got a clouded lead amulet
 44443 | Elf:3    | Got a twitching platinum ring
 44460 | Elf:3    | Identified the amulet of Recklessness {+Rage rElec Str+4 Int+2} (You found it on level 3 of the Elven Halls)
 44461 | Elf:3    | Identified the ring "Loite" {rElec rF- MP+9 Str+2 Dex+4} (You found it on level 3 of the Elven Halls)
 44863 | Slime:1  | Entered Level 1 of the Pits of Slime
 45249 | Elf:3    | Identified the +6 scale mail "Toell" {Regen+ Int-3 Dex+7} (You found it on level 3 of the Elven Halls)
 45255 | Elf:3    | Identified the +8 mace of the Hawk {vamp, +Fly Str+3 Stlth+} (You found it on level 3 of the Elven Halls)
 45637 | Crypt:1  | Entered Level 1 of the Crypt
 46102 | Crypt:1  | Identified the +7 flail of Ogerufra {freeze, rElec rPois rN+ Str+4} (You took it off a death knight on level 1 of the Crypt)
 46254 | Crypt:1  | Reached skill level 1 in Maces & Flails
 46409 | Crypt:1  | Found a basalt altar of Yredelemnul.
 46672 | Crypt:2  | Reached XP level 25. HP: 280/280 MP: 20/20
 46867 | Crypt:2  | Noticed Jory
 46892 | Crypt:2  | Killed Jory
 46892 | Crypt:2  | Reached skill level 5 in Maces & Flails
 47198 | Crypt:3  | Entered Level 3 of the Crypt
 47522 | Crypt:3  | Reached skill level 15 in Armour
 47570 | Crypt:3  | Got a bound sapphire amulet
 47957 | Crypt:3  | Found a staircase to the Tomb.
 48080 | Crypt:3  | Found the +7 great mace "Undeadhunter" {disrupt, rN+}
 48201 | Crypt:3  | Got a slimy pewter ring
 48274 | Crypt:3  | Identified the +6 halberd of Collusion {distort, rF+ rN++} (You found it on level 3 of the Crypt)
 48275 | Crypt:3  | Identified the amulet "Emuusoek" {+Fly rElec rPois Regen+} (You took it off a vampire on level 3 of the Crypt)
 48276 | Crypt:3  | Identified the ring "Ufuasec" {rN+ Dex+4} (You took it off a vampire on level 3 of the Crypt)
 49206 | Zot:1    | Entered Level 1 of the Realm of Zot
 49220 | Zot:1    | Noticed an orb of fire
 49220 | Zot:1    | Gained mutation: Your body sometimes deteriorates upon taking damage. [an orb of fire]
 49221 | Zot:1    | Gained mutation: You are frail. (-10% HP) [an orb of fire]
 49224 | Zot:1    | Gained mutation: You tend to lose your temper in combat. [an orb of fire]
 49240 | Zot:1    | Gained mutation: You often lose your temper in combat. [an orb of fire]
 49248 | Zot:1    | Gained mutation: Scrolls take you a little longer to read. [an orb of fire]
 49249 | Zot:1    | Gained mutation: Armour fits poorly on your strangely shaped body. [an orb of fire]
 49250 | Zot:1    | Killed an orb of fire
 50409 | Snake:2  | Lost mutation: Scrolls take you a little longer to read. [potion of mutation]
 50409 | Snake:2  | Lost mutation: You expend magic power (3 MP) to strengthen your wands. [potion of mutation]
 50409 | Snake:2  | Gained mutation: Your flesh is heat resistant. (rF+) [potion of mutation]
 50409 | Snake:2  | Gained mutation: You have a pair of small horns on your head. [potion of mutation]
 50410 | Snake:2  | Lost mutation: You are frail. (-10% HP) [potion of mutation]
 50410 | Snake:2  | Lost mutation: You have a pair of small horns on your head. [potion of mutation]
 50410 | Snake:2  | Gained mutation: Your system is resistant to poisons. (rPois) [potion of mutation]
 50411 | Snake:2  | Lost mutation: Your flesh is heat resistant. (rF+) [potion of mutation]
 50411 | Snake:2  | Lost mutation: You often lose your temper in combat. [potion of mutation]
 50411 | Snake:2  | Lost mutation: Armour fits poorly on your strangely shaped body. [potion of mutation]
 50411 | Snake:2  | Lost mutation: Your system is resistant to poisons. (rPois) [potion of mutation]
 50411 | Snake:2  | Gained mutation: Your muscles are very strong. (Str +4) [potion of mutation]
 50411 | Snake:2  | Gained mutation: You are somewhat resistant to further mutation. [potion of mutation]
 50411 | Snake:2  | Lost mutation: You tend to lose your temper in combat. [potion of mutation]
 51220 | Depths:5 | Bought the cursed ring of Jaisko Taog {rElec rPois Int-3 Dex+4 Stlth+} for 388 gold pieces
 51815 | Zot:2    | Reached skill level 15 in Dodging
 51905 | Zot:2    | Reached XP level 26. HP: 252/290 MP: 10/10
 52536 | Zot:2    | Noticed an orb of fire
 53174 | Zot:2    | Killed an orb of fire
 53741 | Zot:1    | Identified the +4 scale mail of the Poles {rC+ Int+5} (You found it on level 1 of the Realm of Zot)
 55697 | Zot:4    | Reached XP level 27. HP: 297/297 MP: 7/7
 56351 | Zot:5    | Entered Level 5 of the Realm of Zot
 57106 | Zot:5    | Noticed an ancient lich
 57111 | Zot:5    | Noticed an orb of fire
 57125 | Zot:5    | Noticed an ancient lich
 57204 | Zot:5    | Killed an orb of fire
 57231 | Zot:5    | Killed an ancient lich
 57310 | Zot:5    | Noticed an orb of fire
 57321 | Zot:5    | Gained mutation: You are covered in fur. (AC +1) [an orb of fire]
 57333 | Zot:5    | Noticed an orb of fire
 57333 | Zot:5    | Killed an orb of fire
 57347 | Zot:5    | Gained mutation: You expend magic power (3 MP) to strengthen your wands. [an orb of fire]
 57352 | Zot:5    | Gained mutation: Your spells are a little easier to cast, but a little less powerful. [an orb of fire]
 57361 | Zot:5    | Killed an orb of fire
 57441 | Zot:5    | Killed an ancient lich
 57619 | Zot:5    | Noticed an orb of fire
 57639 | Zot:5    | Gained mutation: You are frail. (-10% HP) [an orb of fire]
 57659 | Zot:5    | Killed an orb of fire
 57660 | Zot:5    | Noticed an orb of fire
 57673 | Zot:5    | Killed an orb of fire
 57835 | Zot:5    | Noticed an ancient lich
 57836 | Zot:5    | Noticed an orb of fire
 57837 | Zot:5    | Gained mutation: Your body often deteriorates upon taking damage. [mutagenic glow]
 57893 | Zot:5    | Gained mutation: You are dopey. (Int -2) [mutagenic glow]
 58112 | Zot:5    | Got the Orb of Zot
 58781 | D:$      | Escaped with the Orb!

Skill      XL: |  1  2  3  4  5  6  7  8  9 10 11 12 13 14 15 16 17 18 19 20 21 22 23 24 25 26 27 |
---------------+----------------------------------------------------------------------------------+-----
Stealth        | 1 2 3 4 6 7 10 13 | 13.0
Axes           | 3 4 5 7 9 10 12 13 15 16 18 | 18.6
Shields        | 4 5 6 8 10 13 15 | 15.0
Evocations     | 2 4 5 6 10 | 10.0
Fighting       | 4 6 8 10 13 16 19 20 22 24 26 27 | 27.0
Armour         | 4 5 7 8 11 12 14 17 19 21 | 21.9
Dodging        | 3 4 8 10 12 15 18 20 | 20.7
Invocations    | 7 8 12 13 15 | 15.0
Maces & Flails | 2 8 |  8.5

Action                   |  1- 3 |  4- 6 |  7- 9 | 10-12 | 13-15 | 16-18 | 19-21 | 22-24 | 25-27 || total
-------------------------+-------+-------+-------+-------+-------+-------+-------+-------+-------++-------
Melee: War axe           |   115 |   195 |   196 |       |       |    97 |    11 |   161 |   770 ||  1545
       Hand axe          |       |       |   169 |   859 |  1288 |       |       |       |       ||  2316
       Kick              |       |       |       |     5 |   535 |       |       |       |       ||   540
       Whip              |       |       |       |       |    42 |       |       |       |       ||    42
       Broad axe         |       |       |       |       |   169 |  1371 |  1364 |  1525 |       ||  4429
       Flail             |       |       |       |       |       |       |       |       |  1670 ||  1670
Throw: Stone             |       |     4 |    18 |     9 |    15 |     3 |     1 |     1 |    26 ||    77
Invok: Lesser Servant of |       |       |       |    18 |    10 |       |       |       |       ||    28
       Major Destruction |       |       |       |     2 |       |       |       |       |       ||     2
       Greater Servant o |       |       |       |       |     5 |    12 |     2 |    13 |    17 ||    49
 Abil: Heal Wounds       |     1 |     3 |    12 |    19 |    18 |    12 |       |    11 |    39 ||   115
       Evoke Flight      |       |       |       |     1 |       |       |       |       |       ||     1
Evoke: Wand              |       |     2 |    11 |     7 |    16 |     2 |       |       |     3 ||    41
       Lamp of fire      |       |       |       |       |     1 |       |       |       |       ||     1
       Phial of floods   |       |       |       |       |       |     1 |       |       |       ||     1
       Phantom mirror    |       |       |       |       |       |       |       |       |     1 ||     1
  Use: Scroll            |       |     4 |     8 |    10 |    11 |     6 |     3 |    29 |    18 ||    89
       Potion            |       |       |     2 |     3 |     2 |     6 |     1 |     2 |    33 ||    49
 Stab: Paralysed         |       |     4 |     6 |    11 |       |       |       |       |       ||    21
       Sleeping          |       |     4 |    14 |     8 |    25 |    23 |     9 |    37 |    11 ||   131
       Distracted        |       |       |       |     7 |     8 |    21 |    12 |    16 |    13 ||    77
       Confused          |       |       |       |       |       |     5 |       |       |     1 ||     6
  Eat: Chunk             |     1 |     8 |     8 |     8 |    17 |     7 |    14 |    10 |     7 ||    80
       Ration            |       |       |     2 |     4 |     3 |     7 |     1 |     7 |    11 ||    35
Armor: Scale mail        |    51 |    48 |       |    61 |   382 |   342 |   292 |   357 |   544 ||  2077
       Leather armour    |       |    25 |    73 |    86 |       |       |       |       |       ||   184
       Skin              |       |       |       |     7 |       |       |       |       |       ||     7
Dodge: Dodged            |    28 |    52 |    85 |   222 |   452 |   638 |   537 |   575 |  1181 ||  3770
Block: Shield            |    60 |   104 |   204 |   372 |   807 |  1069 |   908 |  1262 |  1639 ||  6425
